 Dungeon Crawl Stone Soup version 0.20-a0-800-g4a616ed (webtiles) character file.

150 M4edhros the Sneak (level 5, 0/29 HPs)
             Began as an Octopode Artificer on Mar 2, 2017.
             Was an Initiate of Gozag.
             Killed by divine providence
             ... invoked by an orc priest
              (14 damage)
             ... on level 3 of the Dungeon.
             The game lasted 00:03:12 (2421 turns).

M4edhros the Sneak (Octopode Artificer)             Turns: 2421, Time: 00:03:13

Health: 0/29       AC:  3    Str: 11    XL:     5   Next: 32%
Magic:  7/7        EV: 13    Int: 13    God:    Gozag
Gold:   367        SH:  3    Dex: 14    Spells: 4/4 levels left

rFire    . . .     SeeInvis .   i - +0 spear (flame)
rCold    . . .     Gourm    .   s - +0 buckler
rNeg     . . .     Faith    .   (helmet restricted)
rPois    .         Spirit   .   (no amulet)
rElec    .         Reflect  .   (no ring)
rCorr    .         Harm     .   (no ring)
MR       .....                  (no ring)
Stlth    ++++......             (no ring)
Regen    0.1/turn               (no ring)
MPRegen  0.1/turn               (no ring)
                                (no ring)
                                (no ring)

@: no status effects
A: almost no armour, stealthy swim, amphibious, 8 rings, constrict 8, tentacle
spike 1, molten scales 1, camouflage 1, deterioration 1, frail 1, gelatinous
body 1
a: Potion Petition, Call Merchant, Bribe Branch, Renounce Religion


You were on level 3 of the Dungeon.
You worshipped Gozag.
Gozag was aware of your devotion.
You were near starving.

You visited 1 branch of the dungeon, and saw 3 of its levels.

You collected 423 gold pieces.
You paid 56 gold pieces to Gozag.

Inventory:

Hand Weapons
 a - a +0 short sword
 i - a +0 spear of flaming (weapon)
 j - a +0 mace of holy wrath
Missiles
 o - 52 stones (quivered)
Armour
 s - a +0 buckler (worn)
Wands
 b - a wand of flame (5/48)
 c - a wand of enslavement (13/24)
 d - a wand of random effects (15/48)
Scrolls
 e - a scroll of identify
 g - a scroll of blinking {unknown}
 h - 2 scrolls of remove curse {unknown}
 m - a scroll of teleportation {unknown}
 q - 2 scrolls of amnesia {unknown}
Potions
 k - a potion of agility {unknown}
 n - 2 potions of mutation
 p - a potion of degeneration {unknown}
 t - a potion of cancellation {unknown}
Comestibles
 f - 3 bread rations
 l - 3 fruits


   Skills:
 + Level 1.2 Fighting
 - Level 1.0 Short Blades
 + Level 2.0 Dodging
 + Level 7.1 Stealth
 + Level 0.0 Shields
 - Level 3.2 Evocations


You had 4 spell levels left.
You didn't know any spells.

Dungeon Overview and Level Annotations

Branches:
Dungeon (3/15)

Altars:
Gozag
Okawaru


Innate Abilities, Weirdness & Mutations

You cannot wear most types of armour.
You are very stealthy in the water. (Stealth+)
You are amphibious.
You can wear up to eight rings at the same time.
You can use your tentacles to constrict eight enemies at once.
Your skin changes colour to match your surroundings (Stealth+).
Your rubbery body absorbs attacks. (AC +1, EV +1)
One of your tentacles bears a spike.
You are partially covered in molten scales. (AC +2)
Your body sometimes deteriorates upon taking damage.
You are frail. (-10% HP)


Message History

* * * LOW HITPOINT WARNING * * *
Unknown command.
You feel better. The orc closely misses you.
Evoke which item? (* to show all) (? for menu, Esc to quit)
Aiming: Throw Flame
Press: ? - help, Shift-Dir - straight line, f - orc
Aim: an orc, wielding a club The puff of flame hits the orc.
You kill the orc!
This wand has 5 charges left.
You barely miss the orc priest. You grab the orc priest.
You pierce the orc priest, but do no damage.
You constrict the orc priest. The orc priest misses you.
You hit the orc priest. You burn the orc priest. You squeeze the orc priest.
The orc priest is severely wounded.
You constrict the orc priest.
The orc priest calls down the wrath of Beogh upon you.
Beogh smites you!
You die...
Your body crumbles into a pile of gold.

....#)#.#####. #.)
..#...#....##.##.#
#######....# ..#.#
#....# #.#$#
#....###.$?#
#.....# #..#
#####.# #.o# ###.#
##o# #.#.# #@#
#...# #.#
#.######.#
#.....##.#
#####.##.# #.##.#
#.##.# #....#
######


You could see an orc priest and an orc.

Vanquished Creatures
  3 gnolls (D:2)
  2 adders (D:2)
  An ooze (D:2)
  2 worms
  3 dart slugs (D:1)
  2 leopard geckos
  3 orcs (D:3)
  7 bats
  4 giant cockroaches (D:2)
  9 goblins
  10 hobgoblins
  8 jackals
  A quokka (D:2)
  2 frilled lizards
  5 kobolds
  6 rats
68 creatures vanquished.

Vanquished Creatures (collateral kills)
  2 gnolls (D:2)
2 creatures vanquished.

Vanquished Creatures (others)
  2 gnolls (D:2)
2 creatures vanquished.

Grand Total: 72 creatures vanquished

Notes
Turn   | Place    | Note
-------+----------+-------------------------------------------
     0 | D:1      | M4edhros the Octopode Artificer began the quest for the Orb.
     0 | D:1      | Reached XP level 1. HP: 13/13 MP: 3/3
    64 | D:1      | Reached skill level 2 in Stealth
   309 | D:1      | Reached skill level 3 in Stealth
   309 | D:1      | Reached XP level 2. HP: 12/18 MP: 4/4
   580 | D:2      | Reached skill level 4 in Stealth
   580 | D:2      | Reached XP level 3. HP: 1/23 MP: 5/5
   916 | D:2      | Found an iron altar of Okawaru.
   918 | D:2      | Found an opulent altar of Gozag.
  1160 | D:2      | Reached skill level 5 in Stealth
  1225 | D:2      | Became a worshipper of Gozag Ym Sagoz the Greedy
  1260 | D:1      | Reached XP level 4. HP: 23/28 MP: 6/6
  1973 | D:2      | Reached skill level 6 in Stealth
  2092 | D:2      | Reached XP level 5. HP: 20/33 MP: 7/7
  2352 | D:3      | Reached skill level 7 in Stealth
  2416 | D:3      | Gained mutation: Your body sometimes deteriorates upon taking damage. [potion of mutation]
  2416 | D:3      | Gained mutation: You are frail. (-10% HP) [potion of mutation]
  2416 | D:3      | Gained mutation: You are partially covered in molten scales. (AC +2) [potion of mutation]
  2416 | D:3      | Gained mutation: One of your tentacles bears a spike. [potion of mutation]
  2421 | D:3      | Killed from afar by an orc priest

Vault maps used:
D:1:      mushboom_english_gardens
D:2:      chequers_temple_overflow_statue_of_worship
D:3:      first_bread, uniq_jessica

Skill      XL: |  1  2  3  4  5 |
---------------+----------------+-----
Stealth        | 3 4 5 6 7 |  7.1
Fighting       | |  1.2
Short Blades   | |  1.0
Dodging        | |  2.0
Evocations     | |  3.2

Action                   |  1- 3 |  4- 6 || total
-------------------------+-------+-------++-------
Melee: Short sword       |    26 |       ||    26
       Constrict         |    13 |    17 ||    30
       Tentacles         |     4 |    11 ||    15
       Mace              |     2 |       ||     2
       Spear             |    36 |    93 ||   129
       Kick              |       |     1 ||     1
Evoke: Wand              |     6 |     6 ||    12
  Use: Potion            |     1 |     2 ||     3
       Scroll            |       |     1 ||     1
 Stab: Sleeping          |     8 |     7 ||    15
       Distracted        |       |     2 ||     2
  Eat: Chunk             |     1 |       ||     1
       Royal jelly       |       |     1 ||     1
Armor: Skin              |     1 |     6 ||     7
Dodge: Dodged            |    41 |    39 ||    80
Block: Buckler           |       |     4 ||     4
